 Dungeon Crawl Stone Soup version 0.23.2-1-ga50397a (webtiles) character file.

Game seed: 18167596703434006269

2108 Fang the Skirmisher (level 9, -7/57 HPs)
             Began as a Gargoyle Berserker on Apr 29, 2019.
             Was an Elder of Trog.
             Killed by divine providence
             ... invoked by an orc priest
              (14 damage)
             ... on level 6 of the Dungeon.
             The game lasted 00:07:24 (4379 turns).

Fang the Skirmisher (Gargoyle Berserker)            Turns: 4379, Time: 00:07:25

Health: -7/57      AC: 17    Str: 24    XL:     9   Next: 28%
Magic:  9/9        EV: 10    Int:  8    God:    Trog [****..]
Gold:   270        SH:  0    Dex:  9    Spells: 8/8 levels left

rFire    . . .     SeeInvis .   a - +0 war axe
rCold    . . .     Gourm    .   (no shield)
rNeg     + . .     Faith    .   b - +1 chain mail
rPois    ∞         Spirit   .   (no helmet)
rElec    +         Reflect  .   (no cloak)
rCorr    .         Harm     .   (no gloves)
MR       ++...                  (no boots)
Stlth    ..........             (no amulet)
HPRegen  1.19/turn              r - +5 ring of slaying
MPRegen  0.11/turn              (no ring)

@: berserk cooldown, regenerating, slowed, very slow
A: negative energy resistance 1, electricity resistance, unbreathing,
petrification resistance, rot immunity, AC +6
a: Berserk, Trog's Hand, Brothers in Arms, Renounce Religion


You were on level 6 of the Dungeon.
You worshipped Trog.
Trog was greatly pleased with you.
You were not hungry.

You visited 1 branch of the dungeon, and saw 6 of its levels.

You collected 270 gold pieces.

Inventory:

Hand Weapons
 a - a +0 war axe (weapon)
Armour
 b - a +1 chain mail (worn)
Jewellery
 r - a +5 ring of slaying (left hand)
Wands
 d - a wand of scattershot (4)
 q - a wand of paralysis (10)
Scrolls
 i - 5 scrolls of remove curse
 o - 3 scrolls of identify
 u - a scroll of magic mapping
Potions
 g - 2 potions of curing
 j - 3 potions of heal wounds
 m - 3 potions of flight
 s - a potion of agility
Comestibles
 c - 11 rations


   Skills:
 + Level 7.3 Fighting
 + Level 6.1 Axes
 + Level 6.9 Armour
 + Level 5.2 Dodging


You had 8 spell levels left.
You didn't know any spells.
Your spell library was empty.

Dungeon Overview and Level Annotations

Branches:
Dungeon (6/15)
 Temple: D:4-7

Altars:
Ashenzari
Gozag
Qazlal
Wu Jian
Yredelemnul
The Shining One

Shops:
D:5 =


Innate Abilities, Weirdness & Mutations

You are resistant to torment.
Your stone body is resilient. (AC +6)
You are immune to poison.
You resist negative energy. (rN+)
You are resistant to electric shocks. (rElec)
You can survive without breathing.
You are immune to petrification.
You are immune to rotting.


Message History

Items here: ( ) †† a stone; a +0 club; a hobgoblin corpse; a hound corpse You feel much better.
The gnoll barely misses you.
The gnoll sergeant hits you from afar with a +0 trident.
The ogre hits you with a +0 giant club. The gnoll hits you with a +0 spear.
The gnoll sergeant closely misses you. The gnoll closely misses you.
The gnoll shaman calls upon its god to speed up the gnoll sergeant.
The gnoll sergeant seems to speed up.
The orc priest looks satisfied for a moment.
The ogre hits you with a +0 giant club.
The orc priest calls down the wrath of Beogh upon you.
Beogh smites you!
* * * LOW HITPOINT WARNING * * *
The orc priest mumbles some strange prayers to Beogh against you.
Beogh smites you!
* * * LOW HITPOINT WARNING * * *
The orc priest invokes the aid of Beogh against you.
Beogh smites you!
You die...

#.g#....#♣PP....###
#oggg...#.(...#.#..
#ggg.g..#(.))......
#og#..gO#PPPP......
#K(#....#♣P♣)..#...
#%g#..,,*♣♣PP.##...
#O.#.,,,*♣P♣..##...
#.g#,,,,#♣PP..##.##
#.@######........#
#..#....'.......##
#..#(.>.'..).....##
#..'....'..........
#++######♣.....####
*,,,,,#PPPPP...###*
*,,,,,#♣PP♣......##
*,,,,,*♣PPPP...#.<[
*******♣P♣.....####


You could see a big kobold, an ogre, a gnoll sergeant, a gnoll shaman, 2 orc
priests, 3 gnolls and 3 hobgoblins.

Vanquished Creatures
  Pikel (D:6)
  Eustachio (D:6)
  2 sky beasts
  An ice beast (D:6)
  3 ogres
  A centaur (D:6)
  A scorpion (D:4)
  A howler monkey (D:4)
  A crimson imp (D:4)
  A jelly (D:5)
  Crazy Yiuf (D:2)
  A bullfrog skeleton (D:3)
  5 hounds
  3 orc priests
  An iguana (D:4)
  2 orc wizards (D:4)
  6 worker ants
  A hound skeleton (D:6)
  A howler monkey zombie (D:6)
  7 adders
  3 gnolls (D:6)
  An ooze (D:1)
  An adder skeleton (D:6)
  2 dart slugs (D:1)
  7 leopard geckos
  13 orcs
  5 bats
  6 giant cockroaches
  12 goblins
  8 hobgoblins
  8 kobolds
  4 quokkas
  2 ball pythons (D:2)
  7 frilled lizards
  A leopard gecko skeleton (D:5)
  5 rats
126 creatures vanquished.

Vanquished Creatures (others)
  A phantom (D:6)
  An orc (D:6)
2 creatures vanquished.

Grand Total: 128 creatures vanquished

Notes
Turn   | Place    | Note
-------+----------+-------------------------------------------
     0 | D:1      | Fang the Gargoyle Berserker began the quest for the Orb.
     0 | D:1      | Reached XP level 1. HP: 14/14 MP: 1/1
     1 | D:1      | Found a basalt altar of Yredelemnul.
   208 | D:1      | Reached XP level 2. HP: 16/19 MP: 2/2
   554 | D:1      | Reached XP level 3. HP: 22/23 MP: 3/3
   688 | D:2      | Reached ** piety under Trog
   853 | D:2      | Reached XP level 4. HP: 25/29 MP: 4/4
   874 | D:2      | Found a glowing golden altar of the Shining One.
   995 | D:2      | Found a runed translucent door.
   996 | D:2      | Noticed Crazy Yiuf
  1271 | D:2      | Killed Crazy Yiuf
  1271 | D:2      | Reached skill level 4 in Fighting
  1327 | D:3      | Reached XP level 5. HP: 31/33 MP: 5/5
  1764 | D:3      | Found a shattered altar of Ashenzari.
  1904 | D:4      | Reached XP level 6. HP: 36/39 MP: 6/6
  1911 | D:4      | Reached *** piety under Trog
  1994 | D:4      | Found a stormy altar of Qazlal.
  2045 | D:4      | Reached skill level 5 in Fighting
  2109 | D:4      | Reached XP level 7. HP: 25/44 MP: 7/7
  2684 | D:4      | Found an ornate altar of the Wu Jian Council.
  3013 | D:5      | Entered Level 5 of the Dungeon
  3062 | D:5      | Found Kixejuol's Jewellery Shop.
  3224 | D:5      | Reached skill level 5 in Armour
  3238 | D:5      | Found an opulent altar of Gozag.
  3451 | D:6      | Reached XP level 8. HP: 50/51 MP: 8/8
  3520 | D:6      | Reached skill level 6 in Fighting
  3520 | D:6      | Reached skill level 5 in Axes
  3776 | D:6      | Noticed Pikel
  3792 | D:6      | Killed Pikel
  3937 | D:6      | Reached XP level 9. HP: 51/56 MP: 9/9
  3969 | D:6      | Noticed Eustachio
  3983 | D:6      | Killed Eustachio
  3983 | D:6      | Reached skill level 7 in Fighting
  3983 | D:6      | Reached skill level 5 in Dodging
  4050 | D:6      | Reached **** piety under Trog
  4379 | D:6      | Killed from afar by an orc priest

Skill      XL: |  1  2  3  4  5  6  7  8  9 |
---------------+----------------------------+-----
Axes           | 3 4 5 6 |  6.1
Dodging        | 2 3 4 5 |  5.2
Armour         | 3 4 5 6 |  6.9
Fighting       | 4 5 6 7 |  7.3

Action                   |  1- 3 |  4- 6 |  7- 9 || total
-------------------------+-------+-------+-------++-------
Melee: Hand axe          |   109 |   106 |   162 ||   377
       War axe           |       |       |    55 ||    55
Invok: Berserk           |       |     3 |     3 ||     6
       Trog's Hand       |       |       |     1 ||     1
  Use: Scroll            |       |       |    15 ||    15
       Potion            |       |       |     2 ||     2
  Eat: Chunk             |       |     7 |     9 ||    16
       Ration            |       |       |     1 ||     1
Armor: Animal skin       |     4 |       |       ||     4
       Chain mail        |    64 |    58 |   144 ||   266
       Skin              |     2 |       |       ||     2
Dodge: Dodged            |    66 |    44 |   109 ||   219
